 Dungeon Crawl Stone Soup version 0.22-a0-322-g60b3cfd (webtiles) character file.

462 xccam the Chopper (level 7, -3/52 HPs)
             Began as a Formicid Fighter on Apr 2, 2018.
             Slain by a gnoll
             ... wielding a +2 spear of venom
              (9 damage)
             ... on level 4 of the Dungeon.
             The game lasted 00:07:27 (3116 turns).

xccam the Chopper (Formicid Fighter)                Turns: 3116, Time: 00:07:28

Health: -3/52      AC:  6    Str: 29    XL:     7   Next: 28%
Magic:  7/7        EV:  8    Int:  8    God:
Gold:   288        SH: 10    Dex: 10    Spells: 6/6 levels left

rFire    . . .     SeeInvis +   a - +0 war axe
rCold    . . .     Gourm    .   c - +0 shield
rNeg     . . .     Faith    .   b - +0 scale mail
rPois    +         Spirit   .   (helmet unavailable)
rElec    .         Reflect  .   (no cloak)
rCorr    .         Harm     .   (no gloves)
MR       .....                  (no boots)
Stlth    ..........             (no amulet)
HPRegen  0.17/turn              r - ring of poison resistance
MPRegen  0.10/turn              u - +2 ring of strength

@: mighty, lethally poisoned (-3 -> -9)
A: permanent stasis, dig shafts and tunnels, four strong arms, antennae 3
a: Dig, Shaft Self


You were on level 4 of the Dungeon.
You were not hungry.

You visited 1 branch of the dungeon, and saw 4 of its levels.

You collected 288 gold pieces.

Inventory:

Hand Weapons
 a - a +0 war axe (weapon)
Armour
 b - a +0 scale mail (worn)
 c - a +0 shield (worn)
Jewellery
 r - a ring of poison resistance (left hand)
 u - a +2 ring of strength (right hand)
 w - an uncursed ring of positive energy
Scrolls
 d - 3 scrolls of remove curse {unknown}
 e - 9 scrolls of identify {unknown}
 h - 4 scrolls of enchant weapon {unknown}
 k - a scroll of immolation {unknown}
 l - a scroll of noise {unknown}
 n - 2 scrolls of amnesia {unknown}
 q - 2 scrolls of teleportation {unknown}
 v - a scroll of fear {unknown}
Potions
 g - 2 potions of curing {unknown}
 i - a potion of flight {unknown}
 j - a potion of heal wounds
 m - a potion of magic {unknown}
 o - a potion of resistance {unknown}
 s - a potion of ambrosia {unknown}
 t - a potion of berserk rage {unknown}
 x - a potion of brilliance {unknown}
 z - a potion of lignification {unknown}
Comestibles
 f - 2 rations


   Skills:
 - Level 3.2 Fighting
 + Level 7.4 Axes
 - Level 3.2 Armour
 - Level 3.6 Shields


You had 6 spell levels left.
You didn't know any spells.

Dungeon Overview and Level Annotations

Branches:
Dungeon (4/15)
 Temple: D:4-7

Altars:
Qazlal

Annotations:
D:4 sankara's ghost, novice MiTm


Innate Abilities, Weirdness & Mutations

You cannot be hasted, slowed, berserked, paralysed or teleported.
You can dig through walls and to a lower floor.
Your four strong arms can wield two-handed weapons with a shield.
You have a pair of large antennae on your head. (SInv)


Message History

The gnoll closely misses you.
You closely miss the gnoll.
You feel sick.
The gnoll hits you with a spear of venom.
* * * LOW HITPOINT WARNING * * *
The gnoll shaman calls upon its god to speed up the gnoll.
The gnoll seems to speed up.
The gnoll hits you but does no damage. The gnoll barely misses you.
Unknown command.
Your shield prevents you from hitting the gnoll.
You feel sick. You block the gnoll's attack.
The gnoll hits you but does no damage.
Unknown command.
You hit the gnoll shaman.
The gnoll shaman is lightly wounded.
The gnoll hits you from afar with a spear of venom.
* * * LOW HITPOINT WARNING * * *
The gnoll hits you from afar with a spear.
* * * LOW HITPOINT WARNING * * *
The gnoll hits you from afar with a spear of venom!
You die...

#...####. ..# #.#..##..
#.# { .g##.##.# #.#
...#.##.# #.# ##....#.#
#.# ###....######.##
###...#......#>.#
#......#####....#######
#....#.<######..@ggg..#
#....##...#
####>###.####
#...r####.##
#g.##..{.#### #....
#..####
##.#####{g..#####
#.......##....## #..#
###....... #....
#.g..†.g.####.#
#.......
#######.......##
#....... ####.###...#
#.g(.... ##....g.#####
#.......


You could see a gnoll shaman and 3 gnolls.

Vanquished Creatures
  A scorpion (D:4)
  4 orc wizards
  2 orc priests (D:3)
  Natasha (thrice) (D:2)
  A worker ant (D:4)
  An adder (D:2)
  2 oozes
  4 worms
  A dart slug (D:1)
  4 leopard geckos
  12 orcs
  2 giant cockroaches
  15 goblins
  8 hobgoblins
  12 kobolds
  4 quokkas
  2 ball pythons
  13 bats
  5 frilled lizards
  9 rats
105 creatures vanquished.

Notes
Turn   | Place    | Note
-------+----------+-------------------------------------------
     0 | D:1      | xccam the Formicid Fighter began the quest for the Orb.
     0 | D:1      | Reached XP level 1. HP: 18/18 MP: 1/1
    50 | D:1      | Reached XP level 2. HP: 24/24 MP: 2/2
    81 | D:1      | Reached skill level 3 in Axes
   230 | D:1      | Reached XP level 3. HP: 29/29 MP: 3/3
   841 | D:2      | Reached skill level 4 in Axes
   841 | D:2      | Reached XP level 4. HP: 34/35 MP: 4/4
   925 | D:2      | Noticed Natasha
   939 | D:2      | Killed Natasha
   939 | D:2      | Reached XP level 5. HP: 7/41 MP: 5/5
  1173 | D:2      | Reached skill level 5 in Axes
  1308 | D:2      | Noticed Natasha
  1315 | D:2      | Killed Natasha
  1344 | D:2      | Found a faded altar of an unknown god.
  1354 | D:2      | Noticed Natasha
  1367 | D:2      | Killed Natasha
  1373 | D:2      | Reached XP level 6. HP: 17/47 MP: 6/6
  1877 | D:3      | Reached skill level 6 in Axes
  2237 | D:3      | Reached XP level 7. HP: 22/52 MP: 7/7
  2440 | D:3      | Reached skill level 7 in Axes
  2554 | D:3      | Found a stormy altar of Qazlal.
  2963 | D:4      | Noticed sankara's ghost (novice MiTm)
  3116 | D:4      | Slain by a gnoll

Vault maps used:
D:1:      saegor_arrival_under_anarchy, serial_bayou_lagoon_a,
          lemuel_old_faithful
D:2:      chequers_ecumenical_altar_twisty, minmay_pentomino_r2, uniq_natasha
D:3:      grunt_qazlal_sundering
D:4:      minmay_temple_entry_overgrown, serial_shops, nicolae_shop_crystal,
          minmay_splitting_lines, nicolae_underground_beach

Skill      XL: |  1  2  3  4  5  6  7 |
---------------+----------------------+-----
Axes           | 3 4 5 6 7 |  7.4
Fighting       | |  3.2
Armour         | |  3.2
Shields        | |  3.6

Action                   |  1- 3 |  4- 6 |  7- 9 || total
-------------------------+-------+-------+-------++-------
Melee: War axe           |    88 |   140 |    80 ||   308
  Use: Potion            |       |     2 |     1 ||     3
  Eat: Chunk             |       |     4 |     2 ||     6
       Ration            |       |       |     1 ||     1
Armor: Scale mail        |    32 |    63 |    37 ||   132
Dodge: Dodged            |    30 |    52 |    34 ||   116
Block: Shield            |    49 |    83 |    48 ||   180

Table legend:
 A = Spawn XP
 B = Non-spawn XP
 C = Spawn XP percentage of total XP
 D = Spawn monster count
 E = Non-spawn monster count
 F = Spawn count percentage of total count
 G = Total turns spent on level
                    A         B        C        D         E        F      G
               +---------+---------+-------+---------+---------+-------+---------
         Total |       0 |     660 |   0.0 |       0 |     105 |   0.0 |  3116
               +---------+---------+-------+---------+---------+-------+---------
           D:1 |       0 |      61 |   0.0 |       0 |      35 |   0.0 |   832
           D:2 |       0 |     219 |   0.0 |       0 |      30 |   0.0 |  1009
           D:3 |       0 |     265 |   0.0 |       0 |      34 |   0.0 |  1090
           D:4 |       0 |     115 |   0.0 |       0 |       6 |   0.0 |   185
               +---------+---------+-------+---------+---------+-------+---------
